 Dungeon Crawl Stone Soup version 0.19.4-9-g45fd643 (webtiles) character file.

61 nikopol the Skirmisher (level 4, -4/29 HPs)
             Began as a Gargoyle Berserker on Feb 18, 2017.
             Was a Believer of Trog.
             Slain by a gnoll
             ... wielding a +0 spear
              (7 damage)
             ... on level 2 of the Dungeon.
             The game lasted 00:02:23 (1404 turns).

nikopol the Skirmisher (Gargoyle Berserker)         Turns: 1404, Time: 00:02:24

Health: -4/29      AC:  5    Str: 20    XL:     4   Next: 7%
Magic:  4/4        EV:  6    Int:  8    God:    Trog [**....]
Gold:   24         SH:  0    Dex: 10    Spells: 0 memorised, 3 levels left

rFire  . . .     SeeInvis .     a - +0 mace
rCold  . . .     Gourm    .     b - +0 animal skin
rNeg   + . .     Faith    .     (no shield)
rPois  ∞         Spirit   .     (no helmet)
rElec  +         Reflect  .     (no cloak)
rCorr  .         Harm     .     (no gloves)
MR     .....                    (no boots)
Stlth  +.........               (no amulet)
                                (no ring)
                                (no ring)

@: held
A: negative energy resistance 1, electricity resistance, unbreathing,
petrification resistance, rot immunity, AC +3
a: Berserk, Trog's Hand, Burn Spellbooks, Renounce Religion


You were on level 2 of the Dungeon.
You worshipped Trog.
Trog was pleased with you.
You were hungry.

You visited 1 branch of the dungeon, and saw 2 of its levels.

You collected 24 gold pieces.

Inventory:

Hand Weapons
 a - a +0 mace (weapon)
Missiles
 i - 11 arrows (quivered)
Armour
 b - a +0 animal skin (worn)
Scrolls
 d - 3 scrolls of identify {unknown}
 e - a scroll of recharging {unknown}
 j - a scroll of noise {unknown}
Potions
 g - a potion of heal wounds {unknown}
Comestibles
 c - a bread ration
 f - 3 fruits


   Skills:
 + Level 3.7 Fighting
 + Level 3.6 Maces & Flails
 + Level 3.2 Armour
 + Level 2.0 Dodging


You had 3 spell levels left.
You didn't know any spells.

Dungeon Overview and Level Annotations

Branches:
Dungeon (2/15)

Altars:
Yredelemnul


Innate Abilities, Weirdness & Mutations

You are resistant to torment.
Your stone body is resilient. (AC +3)
You are immune to poison.
You resist negative energy. (rN+)
You are resistant to electric shocks. (rElec)
You can survive without breathing.
You are immune to petrification.
You are immune to rotting.


Message History

The gnoll hits you but does no damage. The gnoll closely misses you.
There is a stone staircase leading up here.
Things that are here:
a dagger; a kobold skeleton You thump the gnoll!
The gnoll is heavily wounded.
The gnoll closely misses you. The gnoll hits you with a whip!
The gnoll barely misses you.
You hit the gnoll.
The gnoll is severely wounded.
The gnoll misses you.
The gnoll throws a throwing net.
The throwing net hits you.
You become entangled in the net!
The gnoll barely misses you.
You struggle against the net.
The gnoll hits you with a whip! The gnoll hits you but does no damage.
You struggle against the net.
The gnoll completely misses you.
The gnoll hits you from afar with a halberd!
* * * LOW HITPOINT WARNING * * *
The gnoll hits you with a spear!
You die...

...._......
#gPgP.#.# #.g...#.#
#########.##)#.####
..................+
....#...####.#.####
# #.#.g.g.......#
#......###.#.##.#
###.##.# #.g.@#.#
#. ..# ###g.g.# #
...# #..........
#...# #.....###..
#...# #.....# #...#
#.....# #.....#
#.....# #.....#


You could see 3 gnolls.

Vanquished Creatures
  A gnoll (D:2)
  2 adders (D:2)
  2 dart slugs (D:1)
  6 bats
  A giant cockroach (D:1)
  2 goblins
  6 hobgoblins (D:1)
  2 jackals (D:1)
  2 frilled lizards (D:1)
  3 kobolds
  3 rats (D:1)
30 creatures vanquished.

Notes
Turn   | Place    | Note
-------+----------+-------------------------------------------
     0 | D:1      | nikopol the Gargoyle Berserker began the quest for the Orb.
     0 | D:1      | Reached XP level 1. HP: 14/14 MP: 1/1
   318 | D:1      | Reached XP level 2. HP: 6/19 MP: 2/2
   824 | D:1      | Reached XP level 3. HP: 12/23 MP: 3/3
  1037 | D:2      | Found a basalt altar of Yredelemnul.
  1102 | D:2      | Reached ** piety under Trog
  1142 | D:2      | Reached XP level 4. HP: 11/29 MP: 4/4
  1404 | D:2      | Slain by a gnoll

Skill      XL: |  1  2  3 |
---------------+----------+-----
Armour         | 3 |  3.2
Dodging        | 2 |  2.0
Fighting       | |  3.7
Maces & Flails | |  3.6

Action                   |  1- 3 |  4- 6 || total
-------------------------+-------+-------++-------
Melee: Mace              |    80 |     2 ||    82
 Stab: Sleeping          |     1 |       ||     1
  Eat: Chunk             |     1 |       ||     1
Armor: Animal skin       |    30 |     1 ||    31
Dodge: Dodged            |    58 |     6 ||    64
